Map: Submarine LE

Players

FLORENCIO - Winner!

  • Race: Zerg Zerg
  • Spawn Location: 11:00

lovesleep

  • Race: Protoss Protoss
  • League: Platinum
  • Spawn Location: 5:00

VOD

Have the link to the VOD?

Description

Time

  • Played on: Dec. 30, 2020, 12:20 p.m.
  • Length: 13:09
Show
View Real Time Build Order
Export as new Build Order

FLORENCIO Zerg - Winner!

Build Orders: Hatch First 

Get SALT Encoding   

  12  0:02  Drone  
  13  0:14  Overlord  
  13  0:25  Drone  
  14  0:33  Drone x2  
  16  0:52  Hatchery  
  15  1:02  Drone x3  
  18  1:18  Spawning Pool  
  17  1:24  Extractor  
  16  1:28  Drone x2  
  18  2:06  Drone x3  
  21  2:11  Queen x2  
  25  2:20  Drone  
  26  2:24  Drone  
  26  2:25  Drone  
  28  2:35  Overlord  
  28  2:37  Overlord  
  27  2:59  Spine Crawler  
  27  3:00  Zergling x10  
  27  3:01  Spine Crawler  
  27  3:02  Spine Crawler  
  29  3:06  Extractor  
  28  3:17  Drone x3  
  31  3:31  Drone x7  
  38  3:36  Lair  
  38  3:54  Overlord x2  
  34  4:13  Queen  
  35  4:17  Extractor  
  35  4:18  Extractor  
  33  4:25  Spine Crawler  
  33  4:26  Spine Crawler  
  33  4:27  Spine Crawler  
  30  4:36  Spire, Zergling x6  
  32  4:48  Queen  
  34  5:02  Overlord x2  
  34  5:17  Spine Crawler  
  33  5:47  Mutalisk  
  33  5:48  Mutalisk x4  
  37  6:05  Mutalisk  
  39  6:14  Mutalisk  
  39  6:22  Drone  
  40  6:27  Mutalisk  
  40  6:40  Overlord  
  40  6:48  Overlord  
  40  6:58  Drone x2  
  40  7:01  Drone  
  43  7:05  Drone  
  44  7:19  Pneumatized Carapace  
  44  7:29  Drone x4  
  48  7:37  Drone x2  
  48  7:38  Drone  
  51  7:47  Drone x3  
  54  7:55  Drone  
  54  7:56  Drone x2  
  51  8:22  Corruptor x4  
  53  8:27  Corruptor  
  55  8:34  Spore Crawler  
  55  8:35  Spore Crawler  
  55  8:37  Corruptor  
  51  8:49  Corruptor  
  53  8:59  Overlord x2, Corruptor  
  55  9:07  Corruptor  
  55  9:09  Drone  
  59  9:10  Drone  
  59  9:18  Drone x4  
  63  9:33  Lair  
  59  9:49  Mutalisk x4  
  59  9:50  Mutalisk  
  61  10:10  Zergling x20  
  61  10:12  Metabolic Boost  
  71  10:21  Hydralisk Den  
  71  10:28  Mutalisk  
  72  10:47  Overlord x3  
  72  10:52  Grooved Spines  
  72  10:58  Hydralisk x4  
  78  11:26  Hydralisk x6  
  88  11:40  Hydralisk x2  
  88  11:41  Hydralisk  
  92  11:55  Hydralisk x3  
  98  12:03  Hydralisk  
  98  12:04  Hydralisk  
  90  12:34  Hydralisk  
  90  12:35  Hydralisk x6, Drone  
Show
View Real Time Build Order
Export as new Build Order

lovesleep Protoss 

Build Orders:  

Get SALT Encoding   

  12  0:03  Probe (Chrono Boost)  
  13  0:14  Probe (Chrono Boost)  
  14  0:23  Pylon  
  14  0:24  Probe  
  15  0:45  Forge  
  15  0:47  Probe  
  16  0:51  Assimilator  
  16  0:59  Probe  
  17  1:11  Probe  
  17  1:17  Gateway  
  18  1:22  Pylon  
  18  1:23  Probe  
  19  1:27  Assimilator  
  19  1:42  Photon Cannon  
  19  1:43  Pylon  
  19  1:48  Probe  
  20  2:00  Probe  
  21  2:05  Cybernetics Core  
  21  2:12  Probe (Chrono Boost)  
  22  2:24  Probe (Chrono Boost)  
  22  2:28  Pylon  
  23  2:31  Probe (Chrono Boost)  
  24  2:41  Robotics Facility  
  24  2:45  Photon Cannon  
  24  2:49  Shield Battery  
  24  2:53  Warp Gate (Chrono Boost)  
  24  2:59  Adept  
  26  3:08  Shield Battery  
  26  3:21  Gateway  
  26  3:34  Photon Cannon  
  26  3:35  Shield Battery  
  26  3:40  Pylon  
  26  3:47  Sentry (Chrono Boost)  
  28  4:00  Immortal (Chrono Boost)  
  32  4:33  Observer (Chrono Boost)  
  32  4:35  Adept x2  
  37  4:41  Shield Battery  
  37  4:50  Warp Prism  
  39  5:10  Sentry x2  
  43  5:21  Nexus  
  43  5:43  Adept  
  43  5:44  Adept  
  47  6:07  Adept x2  
  43  6:19  Stargate  
  43  6:21  Photon Cannon  
  33  6:34  Probe  
  33  6:35  Pylon  
  33  6:39  Observer, Pylon  
  35  6:45  Shield Battery  
  35  6:46  Probe  
  36  6:54  Stargate  
  36  6:58  Probe  
  37  7:02  Phoenix (Chrono Boost)  
  38  7:11  Probe  
  39  7:19  Phoenix (Chrono Boost)  
  41  7:23  Probe  
  42  7:35  Probe  
  42  7:37  Twilight Council  
  43  7:40  Assimilator  
  43  7:42  Phoenix (Chrono Boost)  
  47  7:47  Probe  
  47  7:48  Phoenix (Chrono Boost)  
  47  7:49  Photon Cannon  
  48  7:52  Assimilator  
  48  7:57  Assimilator  
  31  8:24  Probe (Chrono Boost)  
  32  8:29  Probe (Chrono Boost)  
  34  8:34  Probe (Chrono Boost)  
  34  8:37  Probe (Chrono Boost)  
  34  8:40  Probe (Chrono Boost)  
  36  8:42  Probe (Chrono Boost)  
  37  8:50  Probe  
  37  8:51  Phoenix  
  40  9:05  Dark Shrine  
  40  9:08  Photon Cannon  
  40  9:27  Gateway  
  40  9:30  Stalker  
  42  9:33  Stalker  
  36  10:18  Nexus  
  36  10:41  Warp Prism (Chrono Boost)  
  38  11:06  Dark Templar  
  40  11:16  Dark Templar  
  40  11:24  Dark Templar  
  42  11:38  Dark Templar  
  44  11:41  Archon  
  44  11:50  Archon  
  44  11:57  Dark Templar  
  46  12:13  Stalker x2  
Tags
 
League
Platinum
Matchup
PvZ
Spawn Locations
Cross Positions
Add a new tag
Caveats
  • Supply blocks, unpowered buildings, or Contaminate may cause inaccurate times.
  • Supply counts are checked every 10 seconds.